SL
GRAFTON MIDDIES @ PHOENIX HOTSPUR
05/12/2024
 
TOP OF THE 1ST
Grafton Middies batting - Pitching for Phoenix Hotspur : RHP Scott William
Pitching: RHP Scott William
Batting: RHB Pedro Santos 0-0: Ball
1-0: Swinging Strike
1-1: Ball
2-1: Swinging Strike
2-2: Fly out, F3 (Line Drive, 3)
Batting: RHB Scotty Anderson 0-0: Ball
1-0: Fly out, F7 (Flyball, 7M)
Batting: LHB Mario Ramos 0-0: Ball
1-0: SOLO HOME RUN (Line Drive, 9D), Distance : 389 ft
Batting: RHB Stefano Gaddi 0-0: SOLO HOME RUN (Flyball, 7D), Distance : 381 ft
Batting: RHB Ramón Gómez 0-0: Foul Ball, location: 2F
0-1: Ball
1-1: Called Strike
1-2: Ground out U3 (Groundball, 3S)
Top of the 1st over - 2 run(s), 2 hit(s), 0 error(s), 0 left on base; Grafton 2 - Phoenix 0
BOTTOM OF THE 1ST
Phoenix Hotspur batting - Pitching for Grafton Middies : RHP Orlando De Jesús
Pitching: RHP Orlando De Jesús
Batting: LHB Arthur Ryan 0-0: Called Strike
0-1: Ball
1-1: Foul Ball, location: 2F
1-2: Fly out, F9 (Line Drive, 9M)
Batting: SHB Pedro Gómez 0-0: SINGLE (Groundball, 4MD)
Batting: RHB Martín Martínez 0-0: Grounds into double play, 6-4-3 (Groundball, 6)
Bottom of the 1st over - 0 run(s), 1 hit(s), 0 error(s), 0 left on base; Grafton 2 - Phoenix 0
TOP OF THE 2ND
Grafton Middies batting - Pitching for Phoenix Hotspur : RHP Scott William
Batting: LHB Lawrence Washington 0-0: Swinging Strike
0-1: Ball
1-1: Foul Ball, location: 2F
1-2: Ground out 6-3 (Groundball, 6)
Batting: RHB Dave Ash 0-0: Called Strike
0-1: Ball
1-1: Ground out 4-3 (Groundball, 4)
Batting: LHB Ramón Rivera 0-0: Ball
1-0: Ball
2-0: Ball
3-0: Base on Balls
Batting: RHB Pedro Orozco 0-0: Called Strike
Ramón Rivera is caught stealing 2nd base
Top of the 2nd over - 0 run(s), 0 hit(s), 0 error(s), 0 left on base; Grafton 2 - Phoenix 0
BOTTOM OF THE 2ND
Phoenix Hotspur batting - Pitching for Grafton Middies : RHP Orlando De Jesús
Batting: RHB Raúl Robles 0-0: Ball
1-0: Ball
2-0: Fly out, F9 (Flyball, 89D)
Batting: LHB Dave Knight 0-0: Ball
1-0: Ball
2-0: Ball
3-0: Base on Balls
Batting: LHB Rubén López 0-0: TRIPLE (Line Drive, 3L)
Dave Knight scores
Batting: RHB Alfredo Martínez 0-0: Reached on Error, E7 (Flyball, 7M)
Rubén López scores
Batting: RHB António Padilla 0-0: Swinging Strike
0-1: SINGLE (Groundball, 6MD)
Alfredo Martínez to second
Batting: RHB Gabriel Pérez 0-0: Ball
1-0: Ball
2-0: Ground out 5-3 (Groundball, 5S)
Alfredo Martínez to third
António Padilla to second
Batting: LHB Arthur Ryan 0-0: Foul Ball, location: 2F
0-1: Ball
1-1: Ball
2-1: Ball
3-1: Base on Balls
Batting: SHB Pedro Gómez 0-0: Ball
1-0: Fly out, F9 (Flyball, 9D)
Bottom of the 2nd over - 2 run(s), 2 hit(s), 1 error(s), 3 left on base; Grafton 2 - Phoenix 2
TOP OF THE 3RD
Grafton Middies batting - Pitching for Phoenix Hotspur : RHP Scott William
Batting: RHB Pedro Orozco 0-0: Called Strike
0-1: Fly out, F8 (Flyball, 89XD)
Batting: RHB Pedro Santos 0-0: Called Strike
0-1: Foul Ball, location: 2F
0-2: Ball
1-2: Ball
2-2: Ball
3-2: Ground out 4-3 (Groundball, 4M)
Batting: RHB Scotty Anderson 0-0: Called Strike
0-1: Foul Ball, location: 2F
0-2: Strikes out swinging
Top of the 3rd over - 0 run(s), 0 hit(s), 0 error(s), 0 left on base; Grafton 2 - Phoenix 2
BOTTOM OF THE 3RD
Phoenix Hotspur batting - Pitching for Grafton Middies : RHP Orlando De Jesús
Batting: RHB Martín Martínez 0-0: Ground out 6-3 (Groundball, 6M)
Batting: RHB Raúl Robles 0-0: Ground out 4-3 (Groundball, 13)
Batting: LHB Dave Knight 0-0: Ball
1-0: Swinging Strike
1-1: DOUBLE (Line Drive, 9LS)
Batting: LHB Rubén López 0-0: Ball
1-0: Ball
2-0: Ball
3-0: Called Strike
3-1: Base on Balls
Batting: RHB Alfredo Martínez 0-0: DOUBLE (Line Drive, 7LD)
Dave Knight scores
Rubén López to third
Runner from 3rd tries for Home, throw and OUT!
Bottom of the 3rd over - 1 run(s), 2 hit(s), 0 error(s), 1 left on base; Grafton 2 - Phoenix 3
TOP OF THE 4TH
Grafton Middies batting - Pitching for Phoenix Hotspur : RHP Scott William
Batting: LHB Mario Ramos 0-0: Foul Ball, location: 2F
0-1: Foul Ball, location: 2F
0-2: Foul Ball, location: 2F
0-2: SINGLE (Groundball, 34D)
Batting: RHB Stefano Gaddi 0-0: Ball
1-0: Ball
2-0: Foul Ball, location: 2F
2-1: Foul Ball, location: 2F
2-2: SINGLE (Groundball, 5D)
Mario Ramos to second
Batting: RHB Ramón Gómez 0-0: 3-RUN HOME RUN (Flyball, 7D), Distance : 398 ft
Batting: LHB Lawrence Washington 0-0: Called Strike
0-1: Ball
1-1: Ball
2-1: Foul Ball, location: 2F
2-2: DOUBLE (Line Drive, 3L)
Batting: RHB Dave Ash 0-0: Ball
1-0: Foul Ball, location: 2F
1-1: Foul Ball, location: 2F
1-2: Ball
2-2: Foul Ball, location: 2F
2-2: SINGLE (Flyball, 8RS)
Lawrence Washington to third
Batting: LHB Ramón Rivera 0-0: Ball
Dave Ash steals 2nd base
1-0: Called Strike
1-1: Called Strike
1-2: Foul Ball, location: 2F
1-2: DOUBLE (Flyball, 8LXD)
Lawrence Washington scores
Dave Ash scores
Pitching: RHP Rewa Malaki
Batting: RHB Pedro Orozco 0-0: Ball
1-0: Swinging Strike
1-1: Called Strike
1-2: Ball
2-2: Ball
3-2: Foul Ball, location: 2F
3-2: Fly out, F3 (Popup, 34)
Batting: RHB Pedro Santos 0-0: Ground out 4-3 (Groundball, 4M)
Ramón Rivera to third
Batting: RHB Scotty Anderson 0-0: SINGLE (Groundball, 56D)
Ramón Rivera scores
Batting: LHB Mario Ramos 0-0: Called Strike
0-1: Ground out 1-3 (Groundball, 13)
Top of the 4th over - 6 run(s), 7 hit(s), 0 error(s), 1 left on base; Grafton 8 - Phoenix 3
BOTTOM OF THE 4TH
Phoenix Hotspur batting - Pitching for Grafton Middies : RHP Orlando De Jesús
Batting: RHB António Padilla 0-0: Foul Ball, location: 2F
0-1: Ball
1-1: SINGLE (Groundball, 6M)
Batting: RHB Gabriel Pérez 0-0: Ball
1-0: Ball
2-0: 2-RUN HOME RUN (Flyball, 78XD), Distance : 423 ft
Pitching: RHP Austin Abbott
Batting: LHB Arthur Ryan 0-0: Ball
1-0: Fly out, F7 (Flyball, 7S)
Batting: SHB Pedro Gómez 0-0: Ground out 4-3 (Groundball, 4)
Batting: RHB Martín Martínez 0-0: Foul Ball, location: 2F
0-1: Ball
1-1: Ground out 6-3 (Groundball, 6)
Bottom of the 4th over - 2 run(s), 2 hit(s), 0 error(s), 0 left on base; Grafton 8 - Phoenix 5
TOP OF THE 5TH
Grafton Middies batting - Pitching for Phoenix Hotspur : RHP Rewa Malaki
Batting: RHB Stefano Gaddi 0-0: Ball
1-0: SINGLE (Line Drive, 56D)
Batting: RHB Ramón Gómez 0-0: Called Strike
0-1: Ball
1-1: Foul Ball, location: 2F
1-2: Ball
2-2: Foul Ball, location: 2F
2-2: Foul Ball, location: 2F
2-2: Foul Ball, location: 2F
2-2: Foul Ball, location: 2F
2-2: Ball
3-2: Foul Ball, location: 2F
3-2: Base on Balls
Stefano Gaddi to second
Batting: LHB Lawrence Washington 0-0: Ball
1-0: Ball
2-0: Fly out, F7 (Flyball, 7M)
Batting: RHB Dave Ash 0-0: Called Strike
0-1: Foul Ball, location: 2F
0-2: Ball
1-2: Strikes out looking
Batting: LHB Ramón Rivera 0-0: DOUBLE (Line Drive, 7LM)
Stefano Gaddi scores
Ramón Gómez to third
Runner from 3rd tries for Home, SAFE, no throw or cutoff
Batting: RHB Pedro Orozco 0-0: Ball
1-0: Foul Ball, location: 2F
1-1: Ball
2-1: Ball
3-1: Swinging Strike
3-2: SINGLE (Line Drive, 8RS)
Ramón Rivera to third
Ramón Rivera scores
Pitching: RHP Pat McCormick
Batting: RHB Pedro Santos 0-0: Ball
1-0: Ball
2-0: Fly out, F8 (Flyball, 89M)
Top of the 5th over - 3 run(s), 3 hit(s), 0 error(s), 1 left on base; Grafton 11 - Phoenix 5
BOTTOM OF THE 5TH
Phoenix Hotspur batting - Pitching for Grafton Middies : RHP Austin Abbott
Batting: RHB Raúl Robles 0-0: Called Strike
0-1: Ground out 1-3 (Groundball, 15S)
Batting: LHB Dave Knight 0-0: SINGLE (Flyball, 8LS)
Batting: LHB Rubén López 0-0: Ball
1-0: Called Strike
1-1: Foul Ball, location: 2F
1-2: Strikes out swinging
Batting: RHB Alfredo Martínez 0-0: Ball
1-0: Ball
2-0: Ball
3-0: Called Strike
3-1: Called Strike
3-2: Foul Ball, location: 2F
3-2: Foul Ball, location: 2F
3-2: Foul Ball, location: 2F
3-2: Foul Ball, location: 2F
Balk!
Dave Knight to second
3-2: Strikes out swinging
Bottom of the 5th over - 0 run(s), 1 hit(s), 0 error(s), 1 left on base; Grafton 11 - Phoenix 5
TOP OF THE 6TH
Grafton Middies batting - Pitching for Phoenix Hotspur : RHP Pat McCormick
Batting: RHB Scotty Anderson 0-0: Ball
1-0: Ball
2-0: Swinging Strike
2-1: Ball
3-1: Swinging Strike
3-2: Strikes out swinging
Batting: LHB Mario Ramos 0-0: Ball
1-0: Called Strike
1-1: Called Strike
1-2: Ball
2-2: Foul Ball, location: 2F
2-2: Strikes out swinging
Batting: RHB Stefano Gaddi 0-0: Called Strike
0-1: Ball
1-1: Ball
2-1: Ball
3-1: Swinging Strike
3-2: Foul Ball, location: 2F
3-2: SINGLE (Groundball, 56D)
Pitching: RHP Craig Gasnier
Batting: RHB Ramón Gómez 0-0: Called Strike
0-1: Ball
1-1: Swinging Strike
1-2: Strikes out looking
Top of the 6th over - 0 run(s), 1 hit(s), 0 error(s), 1 left on base; Grafton 11 - Phoenix 5
BOTTOM OF THE 6TH
Phoenix Hotspur batting - Pitching for Grafton Middies : RHP Austin Abbott
Batting: RHB António Padilla 0-0: Called Strike
0-1: Foul Ball, location: 2F
0-2: Ball
1-2: Ball
2-2: Foul Ball, location: 2F
2-2: Strikes out looking
Batting: RHB Gabriel Pérez 0-0: Foul Ball, location: 2F
0-1: Ground out 1-3 (Groundball, 15)
Batting: LHB Arthur Ryan 0-0: Ball
1-0: Ground out U3 (Groundball, 3)
Bottom of the 6th over - 0 run(s), 0 hit(s), 0 error(s), 0 left on base; Grafton 11 - Phoenix 5
TOP OF THE 7TH
Grafton Middies batting - Pitching for Phoenix Hotspur : RHP Craig Gasnier
Batting: LHB Lawrence Washington 0-0: Ground out 4-3 (Groundball, 4M)
Batting: RHB Dave Ash 0-0: Ball
1-0: Called Strike
1-1: Ball
2-1: Ball
3-1: Ground out U3 (Groundball, 3S)
Batting: LHB Ramón Rivera 0-0: Ground out 1-3 (Groundball, 15)
Top of the 7th over - 0 run(s), 0 hit(s), 0 error(s), 0 left on base; Grafton 11 - Phoenix 5
BOTTOM OF THE 7TH
Phoenix Hotspur batting - Pitching for Grafton Middies : RHP Austin Abbott
Batting: SHB Pedro Gómez 0-0: Foul Ball, location: 2F
0-1: SINGLE (Line Drive, 89S)
Batting: RHB Martín Martínez 0-0: Ball
1-0: Ball
2-0: Ball
3-0: Called Strike
3-1: Base on Balls
Pedro Gómez to second
Batting: RHB Raúl Robles 0-0: Swinging Strike
0-1: Ball
1-1: Called Strike
Reached via error on a dropped throw, E1
Pedro Gómez to third
Martín Martínez to second
Batting: LHB Dave Knight 0-0: Called Strike
0-1: Ball
1-1: Ball
2-1: Foul Ball, location: 2F
2-2: Foul Ball, location: 2F
2-2: Foul Ball, location: 2F
2-2: Fly out, F8 (Flyball, 89D)
Runner from 3rd tags up, SCORES, no throw
Martín Martínez to third
Batting: LHB Rubén López 0-0: Ball
1-0: Grounds into double play, 3-6-3 (Groundball, 3)
Bottom of the 7th over - 1 run(s), 1 hit(s), 1 error(s), 1 left on base; Grafton 11 - Phoenix 6
TOP OF THE 8TH
Grafton Middies batting - Pitching for Phoenix Hotspur : RHP Craig Gasnier
Batting: RHB Pedro Orozco 0-0: Called Strike
0-1: Called Strike
0-2: Foul Ball, location: 2F
0-2: Ball
1-2: Foul Ball, location: 2F
1-2: Ball
2-2: Ball
3-2: Base on Balls
Batting: RHB Pedro Santos 0-0: Called Strike
0-1: Ball
1-1: Bunted foul
1-2: Ball
2-2: Strikes out looking
Pitching: RHP Jaime van de Weideven
Batting: RHB Scotty Anderson 0-0: Called Strike
Pedro Orozco steals 2nd base
0-1: Foul Ball, location: 2F
0-2: DOUBLE (Flyball, 8LXD)
Pedro Orozco scores
Batting: LHB Mario Ramos 0-0: Ball
1-0: Swinging Strike
1-1: Ground out U3 (Groundball, 3)
Scotty Anderson to third
Batting: RHB Stefano Gaddi 0-0: Ball
1-0: Foul Ball, location: 2F
1-1: Swinging Strike
1-2: SINGLE (Line Drive, 4D)
Scotty Anderson scores
Batting: RHB Ramón Gómez 0-0: 2-RUN HOME RUN (Flyball, 8RXD), Distance : 450 ft
Batting: LHB Lawrence Washington 0-0: Swinging Strike
0-1: Swinging Strike
0-2: Ball
1-2: Strikes out looking
Top of the 8th over - 4 run(s), 3 hit(s), 0 error(s), 0 left on base; Grafton 15 - Phoenix 6
BOTTOM OF THE 8TH
Phoenix Hotspur batting - Pitching for Grafton Middies : RHP Austin Abbott
Batting: RHB Alfredo Martínez 0-0: Called Strike
0-1: Foul Ball, location: 2F
0-2: Strikes out swinging
Batting: RHB António Padilla 0-0: Ball
1-0: Fly out, F9 (Flyball, 89M)
Batting: RHB Gabriel Pérez 0-0: Foul Ball, location: 2F
0-1: Ball
1-1: SINGLE (Groundball, 56D)
Batting: LHB Arthur Ryan 0-0: SINGLE (Groundball, 34D)
Gabriel Pérez to second
Runner from 2nd tries for 3rd, SAFE, throw made to third
Arthur Ryan to second
Batting: SHB Pedro Gómez 0-0: Swinging Strike
0-1: Foul Ball, location: 2F
0-2: Ball
1-2: DOUBLE (Line Drive, 9LM)
Gabriel Pérez scores
Arthur Ryan scores
Batting: RHB Martín Martínez 0-0: Ball
1-0: Foul Ball, location: 2F
1-1: Ball
2-1: Ground out 5-3 (Groundball, 6)
Bottom of the 8th over - 2 run(s), 3 hit(s), 0 error(s), 1 left on base; Grafton 15 - Phoenix 8
TOP OF THE 9TH
Grafton Middies batting - Pitching for Phoenix Hotspur : RHP Jaime van de Weideven
Pitching: RHP Bruce Hamilton
Batting: RHB Dave Ash 0-0: Ground out 6-3 (Groundball, 6)
Batting: LHB Ramón Rivera 0-0: Called Strike
0-1: Ball
1-1: Fly out, F9 (Flyball, 9M)
Batting: RHB Pedro Orozco 0-0: Called Strike
0-1: Ground out 3-1 (Groundball, 34)
Top of the 9th over - 0 run(s), 0 hit(s), 0 error(s), 0 left on base; Grafton 15 - Phoenix 8
BOTTOM OF THE 9TH
Phoenix Hotspur batting - Pitching for Grafton Middies : RHP Austin Abbott
Batting: RHB Raúl Robles 0-0: Ball
1-0: Ball
2-0: Called Strike
2-1: Ball
3-1: Ground out 5-3 (Groundball, 5L)
Batting: LHB Dave Knight 0-0: DOUBLE (Line Drive, 8RXD)
Batting: LHB Rubén López 0-0: Fly out, F9 (Flyball, 9M)
Batting: RHB Alfredo Martínez 0-0: Ball
1-0: Swinging Strike
1-1: Ball
2-1: Ball
3-1: Called Strike
3-2: Foul Ball, location: 2F
3-2: Strikes out swinging
Bottom of the 9th over - 0 run(s), 1 hit(s), 0 error(s), 1 left on base; Grafton 15 - Phoenix 8
This league is powered by Out of the Park Baseball, the baseball management simulation game for PC, Mac and Linux
Monday, October 3rd, 2016 - OOTP Baseball 16.9 Build 39